Predators vs Kings

Created - December-14-13 at 12:14

Goals
1 2 3 T
Predators 1 2 2 5
Kings 0 1 1 2
Shots
1 2 3 T
Predators 5 8 12 25
Kings 11 8 14 33

1st period

1. Predators , Max Pacioretty 12 (Wayne Simmonds, Steven Stamkos) at 3:50

Penalties :
Jordan Leopold (NSH) for Roughing (Minor) at 6:46, Vyacheslav Voynov (LOS) for High sticking (Minor) at 9:53, Zbynek Michalek (NSH) for Hooking (Minor) at 17:48

2nd period

2. Predators , Steven Stamkos 20 (Max Pacioretty, Jeff Petry) at 3:14
3. Kings , Mike Richards 11 (Nail Yakupov, Ryan Nugent-Hopkins) at 15:48
4. Predators , Patric Hornqvist 8 (Marian Gaborik, Nicklas Backstrom) at 18:28

Penalties :
No Penalty

3rd period

5. Predators , Jeff Petry 8 (Steven Stamkos, Shea Weber) at 2:30
6. Kings , Ryan Nugent-Hopkins 4 (Mike Richards, Nail Yakupov) at 10:49 (PP)
7. Predators , Marian Gaborik 9 (Steven Stamkos, Jeff Petry) at 16:21 (PP)

Penalties :
Jordan Leopold (NSH) for Tripping (Minor) at 4:22, Jarret Stoll (LOS) for Roughing (Minor) at 8:22, Steven Stamkos (NSH) for Tripping (Minor) at 9:22, Nail Yakupov (LOS) for Tripping (Minor) at 14:36, Jeff Petry (NSH) for Interference (Minor) at 18:46

Goalie Stats

Pekka Rinne (NSH), 31 saves from 33 shots - (0.939), W, 15-11-2, 60:00 minutes
Steve Mason (LOS), 20 saves from 25 shots - (0.800), L, 4-16-6, 60:00 minutes

Players Stats for Predators

Player Name              G  A  P  +/- PIM S  H  SB GA TA FO     MP     PP MP  PK MP  
------------------------------------------------------------------------------------
Ben Eager                0  0  0   0  0   0  1  0  0  0  0/0     4:01   0:00   0:00 
Brandon Prust            0  0  0   0  0   2  2  0  0  0  0/1    20:34   2:20   5:43 
Brian Strait             0  0  0   0  0   0  0  1  0  0  0/0     6:05   0:03   4:40 
Cody Franson             0  0  0   1  0   0  4  0  0  0  0/0    18:46   1:45   0:00 
Jeff Petry               1  2  3   2  2   2  1  1  0  0  0/0    21:49   2:56   0:56 
Jordan Leopold           0  0  0   0  4   0  0  0  0  0  0/0    14:47   0:00   2:10 
Jordan Nolan             0  0  0   0  0   0  0  0  0  0  2/5     4:57   0:23   0:33 
Marian Gaborik           1  1  2   0  0   6  0  0  0  0  1/1    18:06   2:24   0:00 
Max Pacioretty           1  1  2   3  0   2  0  0  0  0  0/1    21:22   1:57   0:00 
Nicklas Backstrom        0  1  1   0  0   3  1  1  0  0  8/24   17:45   2:20   0:00 
Patric Hornqvist         1  0  1   0  0   3  1  0  0  0  1/1    17:45   1:45   1:17 
Roman Polak              0  0  0   0  0   0  4  1  0  0  0/0    16:39   0:00   4:00 
Shea Weber               0  1  1   2  0   2  2  0  0  0  0/0    19:35   2:59   0:00 
Steven Stamkos           1  3  4   3  2   3  0  1  0  0  19/37  23:07   2:23   5:20 
T.J. Oshie               0  0  0   0  0   2  0  0  0  0  1/1    12:31   0:00   0:00 
Tuomo Ruutu              0  0  0   0  0   0  3  0  0  0  8/22   17:35   2:24   2:23 
Wayne Simmonds           0  1  1   3  0   0  4  1  0  0  0/0    15:24   0:00   0:00 
Zbynek Michalek          0  0  0   1  2   0  0  1  0  0  0/0    20:30   0:00   3:30 

Players Stats for Kings

Player Name              G  A  P  +/- PIM S  H  SB GA TA FO     MP     PP MP  PK MP  
------------------------------------------------------------------------------------
Daniel Alfredsson        0  0  0  -1  0   3  1  0  0  0  0/0    20:24   3:56   1:46 
Dustin Penner            0  0  0  -1  0   1  3  0  0  0  1/2     9:30   0:00   0:00 
Guillaume Latendresse    0  0  0  -1  0   1  1  0  0  0  1/1    10:01   3:25   0:00 
Jamie McBain             0  0  0  -1  0   1  0  1  0  0  0/0     9:57   0:00   0:00 
Jarret Stoll             0  0  0  -1  2   2  3  0  0  0  16/20  21:17   5:44   1:14 
Joe Corvo                0  0  0   0  0   1  3  1  0  0  0/0    14:24   0:00   0:57 
Justin Faulk             0  0  0  -2  0   1  1  2  0  0  0/0    18:50   0:00   2:22 
Matt Hendricks           0  0  0  -1  0   0  2  1  0  0  0/0     6:36   0:00   0:00 
Michael Frolik           0  0  0  -1  0   1  0  0  0  0  0/1    13:14   0:48   2:58 
Michal Handzus           0  0  0  -1  0   0  0  0  0  0  8/10    7:08   0:00   0:32 
Mike Richards            1  1  2   0  0   1  3  0  0  0  4/10   24:03   4:13   2:58 
Mikhail Grabovski        0  0  0  -1  0   5  0  0  0  0  7/17   12:36   3:25   0:00 
Nail Yakupov             0  2  2   0  2   3  2  0  0  0  0/0    21:39   4:48   0:00 
Robyn Regehr             0  0  0  -1  0   2  2  1  0  0  0/0    20:31   0:00   2:33 
Ryan Nugent-Hopkins      1  1  2   0  0   7  0  0  0  0  16/32  21:05   4:13   0:00 
Ryan Smyth               0  0  0  -1  0   1  0  0  0  0  0/0    14:20   0:00   0:00 
Tobias Enstrom           0  0  0   0  0   0  0  0  0  0  0/0    27:07   3:32   2:22 
Vyacheslav Voynov        0  0  0  -2  2   3  3  5  0  0  0/0    21:32   4:06   1:14 

3 Stars

1 - Steven Stamkos (NSH)
2 - Jeff Petry (NSH)
3 - Max Pacioretty (NSH)

Power Play

Predators - 1 on 3 Attempt(s) - 33.33%
Kings - 1 on 5 Attempt(s) - 20.00%

Penalty Kill

Predators - 4 on 5 Attempt(s) - 80.00% - Score 0 goal in Penalty Kill
Kings - 2 on 3 Attempt(s) - 66.67% - Score 0 goal in Penalty Kill

Official

Referees : Francis Charron and Francois StLaurent
Linesman : John Grandt and Tony Sericolo

Game Notes

No Game Note

Finance

Level 1 -- Attendance: 6102 (93.88%) -- Ticket Income $439,344
Level 2 -- Attendance: 5000 (100.00%) -- Ticket Income $300,000
Level 3 -- Attendance: 3500 (100.00%) -- Ticket Income $119,000
Level 4 -- Attendance: 2118 (100.00%) -- Ticket Income $67,776
Luxury Box -- Attendance: 914 (91.40%) -- Ticket Income $171,832
Game was played at the Staples Center
Total Attendance: 17634 (97.33%)
Total Ticket Income: $1,097,952
Other Income: $164,693
Total Income: $1,262,645


% Time on Ice - Predators

Lines # - Real PCT - Wanted PCT - Time Play
Normal Forward
1 - 33% - 38% - 15:24
2 - 32% - 34% - 14:43
3 - 27% - 26% - 12:31
4 - 9% - 2% - 4:01
Normal Defense
1 - 35% - 35% - 16:14
2 - 35% - 32% - 16:24
3 - 27% - 27% - 12:39
4 - 3% - 6% - 1:22
PP Forward
1 - 49% - 60% - 2:20
2 - 51% - 40% - 2:24
PP Defense
1 - 63% - 60% - 2:59
2 - 37% - 40% - 1:45
PK Forward
1 - 81% - 60% - 6:10
2 - 19% - 40% - 1:28
PK Defense
1 - 66% - 60% - 5:03
2 - 34% - 40% - 2:35
PK3 Forward
1 - 0% - 60%
2 - 0% - 40%
PK3 Defense
1 - 0% - 60%
2 - 0% - 40%
44 Forward
1 - 100% - 60% - 0:59
2 - 0% - 40% - 0:00
44 Defense
1 - 37% - 60% - 0:22
2 - 63% - 40% - 0:37
Last Minute Offensive  - 0:00
Last Minute Defensive  - 0:00
Total
Forward - 60:00
Defense - 60:00

% Time on Ice - Kings

Lines # - Real PCT - Wanted PCT - Time Play
Normal Forward
1 - 36% - 35% - 16:52
2 - 31% - 30% - 14:20
3 - 19% - 20% - 8:51
4 - 14% - 15% - 6:36
Normal Defense
1 - 34% - 33% - 15:51
2 - 28% - 28% - 12:56
3 - 21% - 20% - 9:57
4 - 17% - 19% - 7:55
PP Forward
1 - 55% - 55% - 4:13
2 - 45% - 45% - 3:25
PP Defense
1 - 46% - 55% - 3:32
2 - 54% - 45% - 4:06
PK Forward
1 - 63% - 55% - 2:58
2 - 37% - 45% - 1:46
PK Defense
1 - 43% - 55% - 2:03
2 - 57% - 45% - 2:41
PK3 Forward
1 - 0% - 55%
2 - 0% - 45%
PK3 Defense
1 - 0% - 55%
2 - 0% - 45%
44 Forward
1 - 63% - 50% - 0:37
2 - 37% - 50% - 0:22
44 Defense
1 - 63% - 50% - 0:37
2 - 37% - 50% - 0:22
Last Minute Offensive  - 0:00
Last Minute Defensive  - 0:00
Total
Forward - 60:00
Defense - 60:00

Play by Play

1st period


0:01 of 1st period - Steven Stamkos wins face-off versus Ryan Nugent-Hopkins in neutral zone.
0:32 of 1st period - Shot by Nail Yakupov.
0:32 of 1st period - Stopped by Pekka Rinne without a rebound.
0:33 of 1st period - Jarret Stoll wins face-off versus Nicklas Backstrom in Predators zone.
1:04 of 1st period - Shot by Patric Hornqvist.
1:04 of 1st period - Shot Misses the Net.
1:28 of 1st period - Joe Corvo is hit by Tuomo Ruutu and loses puck.
1:43 of 1st period - Shot by Brandon Prust.
1:43 of 1st period - Shot Misses the Net.
1:45 of 1st period - Shot by Tuomo Ruutu.
1:45 of 1st period - Shot Blocked by Joe Corvo.
1:49 of 1st period - Shot by T.J. Oshie.
1:49 of 1st period - Stopped by Steve Mason with a rebound.
2:53 of 1st period - Shot by Michael Frolik.
2:53 of 1st period - Stopped by Pekka Rinne without a rebound.
2:54 of 1st period - Nicklas Backstrom wins face-off versus Ryan Nugent-Hopkins in Predators zone.
3:18 of 1st period - Shot by Nicklas Backstrom.
3:18 of 1st period - Shot Misses the Net.
3:20 of 1st period - Shot by Patric Hornqvist.
3:20 of 1st period - Shot Misses the Net.
3:28 of 1st period - Shot by Nicklas Backstrom.
3:28 of 1st period - Shot Misses the Net.
3:30 of 1st period - Shot by Zbynek Michalek.
3:30 of 1st period - Shot Blocked by Vyacheslav Voynov.
3:32 of 1st period - Shot by Marian Gaborik.
3:32 of 1st period - Stopped by Steve Mason without a rebound.
3:33 of 1st period - Michal Handzus wins face-off versus Max Pacioretty in Kings zone.
3:33 of 1st period - Michal Handzus is hit by Wayne Simmonds.
3:41 of 1st period - Wayne Simmonds is hit by Matt Hendricks and loses puck.
3:50 of 1st period - Shot by Max Pacioretty.
3:50 of 1st period - Goal by Max Pacioretty - Predators : 1 - Kings : 0.
3:51 of 1st period - Mikhail Grabovski wins face-off versus Jordan Nolan in neutral zone.
4:45 of 1st period - Jeff Petry is hit by Mike Richards.
5:29 of 1st period - Shot by Marian Gaborik.
5:29 of 1st period - Shot Misses the Net.
5:38 of 1st period - Michal Handzus is hit by Roman Polak and loses puck.
6:12 of 1st period - Icing by Jordan Leopold.
6:13 of 1st period - Jarret Stoll wins face-off versus Nicklas Backstrom in Predators zone.
6:44 of 1st period - Jordan Leopold is hit by Jarret Stoll and loses puck.
6:46 of 1st period - Minor Penalty to Jordan Leopold for Roughing.
6:47 of 1st period - Ryan Nugent-Hopkins wins face-off versus Steven Stamkos in Predators zone.
7:15 of 1st period - Shot by Nail Yakupov.
7:15 of 1st period - Shot Blocked by Brian Strait.
7:17 of 1st period - Shot by Jarret Stoll.
7:17 of 1st period - Stopped by Pekka Rinne with a rebound.
7:47 of 1st period - Shot by Michael Frolik.
7:47 of 1st period - Shot Misses the Net.
7:49 of 1st period - Shot by Mikhail Grabovski.
7:49 of 1st period - Stopped by Pekka Rinne without a rebound.
7:50 of 1st period - Tuomo Ruutu wins face-off versus Mikhail Grabovski in Predators zone.
7:50 of 1st period - Tuomo Ruutu is hit by Guillaume Latendresse.
8:00 of 1st period - Shot by Daniel Alfredsson.
8:00 of 1st period - Stopped by Pekka Rinne without a rebound.
8:01 of 1st period - Guillaume Latendresse wins face-off versus Steven Stamkos in Predators zone.
8:04 of 1st period - Shot by Daniel Alfredsson.
8:04 of 1st period - Shot Blocked by Steven Stamkos.
9:01 of 1st period - Shot by Mikhail Grabovski.
9:01 of 1st period - Deflect By Dustin Penner.
9:01 of 1st period - Stopped by Pekka Rinne without a rebound.
9:02 of 1st period - Ryan Nugent-Hopkins wins face-off versus Steven Stamkos in Predators zone.
9:02 of 1st period - Ryan Nugent-Hopkins is hit by Shea Weber.
9:09 of 1st period - Icing by Shea Weber.
9:10 of 1st period - Steven Stamkos wins face-off versus Mike Richards in Predators zone.
9:20 of 1st period - Icing by Wayne Simmonds.
9:21 of 1st period - Michal Handzus wins face-off versus Steven Stamkos in Predators zone.
9:32 of 1st period - Shot by Steven Stamkos.
9:32 of 1st period - Shot Misses the Net.
9:47 of 1st period - Max Pacioretty is hit by Vyacheslav Voynov and loses puck.
9:53 of 1st period - Minor Penalty to Vyacheslav Voynov for High sticking.
9:54 of 1st period - Mike Richards wins face-off versus Nicklas Backstrom in Kings zone.
11:47 of 1st period - Shot by Patric Hornqvist.
11:47 of 1st period - Shot Misses the Net.
11:49 of 1st period - Shot by Nicklas Backstrom.
11:49 of 1st period - Stopped by Steve Mason without a rebound.
11:50 of 1st period - Nicklas Backstrom wins face-off versus Mike Richards in Kings zone.
11:51 of 1st period - Shot by Shea Weber.
11:51 of 1st period - Shot Misses the Net.
11:53 of 1st period - Shot by Max Pacioretty.
11:53 of 1st period - Shot Blocked by Matt Hendricks.
12:17 of 1st period - Michal Handzus is hit by Ben Eager.
12:38 of 1st period - T.J. Oshie is hit by Vyacheslav Voynov and loses puck.
14:25 of 1st period - Off-side.
14:26 of 1st period - Mikhail Grabovski wins face-off versus Steven Stamkos in neutral zone.
14:55 of 1st period - Shot by Max Pacioretty.
14:55 of 1st period - Deflect By Steven Stamkos.
14:55 of 1st period - Shot Misses the Net.
14:57 of 1st period - Shot by Wayne Simmonds.
14:57 of 1st period - Shot Blocked by Vyacheslav Voynov.
15:14 of 1st period - Off-side.
15:15 of 1st period - Jarret Stoll wins face-off versus Tuomo Ruutu in neutral zone.
15:33 of 1st period - Icing by Zbynek Michalek.
15:34 of 1st period - Ryan Nugent-Hopkins wins face-off versus Tuomo Ruutu in Predators zone.
15:46 of 1st period - Icing by Zbynek Michalek.
15:47 of 1st period - Tuomo Ruutu wins face-off versus Jarret Stoll in Predators zone.
15:59 of 1st period - Icing by Tobias Enstrom.
16:00 of 1st period - Jarret Stoll wins face-off versus Steven Stamkos in Kings zone.
17:11 of 1st period - Off-side.
17:12 of 1st period - Ryan Nugent-Hopkins wins face-off versus Nicklas Backstrom in neutral zone.
17:23 of 1st period - Shot by Ryan Nugent-Hopkins.
17:23 of 1st period - Stopped by Pekka Rinne without a rebound.
17:24 of 1st period - Tuomo Ruutu wins face-off versus Mikhail Grabovski in Predators zone.
17:24 of 1st period - Cody Franson is hit by Dustin Penner and loses puck.
17:35 of 1st period - Shot by Michael Frolik.
17:35 of 1st period - Shot Misses the Net.
17:37 of 1st period - Shot by Dustin Penner.
17:37 of 1st period - Deflect By Mikhail Grabovski.
17:37 of 1st period - Stopped by Pekka Rinne with a rebound.
17:48 of 1st period - Minor Penalty to Zbynek Michalek for Hooking.
17:49 of 1st period - Ryan Nugent-Hopkins wins face-off versus Steven Stamkos in Predators zone.
17:50 of 1st period - Shot by Nail Yakupov.
17:50 of 1st period - Shot Misses the Net.
17:52 of 1st period - Shot by Ryan Nugent-Hopkins.
17:52 of 1st period - Stopped by Pekka Rinne without a rebound.
17:53 of 1st period - Ryan Nugent-Hopkins wins face-off versus Steven Stamkos in Predators zone.
17:58 of 1st period - Shot by Vyacheslav Voynov.
17:58 of 1st period - Stopped by Pekka Rinne without a rebound.
17:59 of 1st period - Ryan Nugent-Hopkins wins face-off versus Steven Stamkos in Predators zone.
18:29 of 1st period - Shot by Steven Stamkos.
18:29 of 1st period - Stopped by Steve Mason without a rebound.
18:30 of 1st period - Steven Stamkos wins face-off versus Mikhail Grabovski in Kings zone.
19:27 of 1st period - Shot by Ryan Nugent-Hopkins.
19:27 of 1st period - Stopped by Pekka Rinne without a rebound.
19:28 of 1st period - Tuomo Ruutu wins face-off versus Ryan Nugent-Hopkins in Predators zone.
Goals for this period are 1 for Predators vs 0 for Kings.
Shots for this period are 5 for Predators vs 11 for Kings.

2nd period


0:01 of 2nd period - Steven Stamkos wins face-off versus Ryan Nugent-Hopkins in neutral zone.
0:06 of 2nd period - Tobias Enstrom is hit by Wayne Simmonds and loses puck.
0:45 of 2nd period - Shot by Max Pacioretty.
0:45 of 2nd period - Shot Misses the Net.
1:08 of 2nd period - Jarret Stoll is hit by Cody Franson and loses puck.
1:26 of 2nd period - Vyacheslav Voynov is hit by Cody Franson and loses puck.
1:33 of 2nd period - Shot by Jarret Stoll.
1:33 of 2nd period - Shot Blocked by Nicklas Backstrom.
1:35 of 2nd period - Shot by Justin Faulk.
1:35 of 2nd period - Shot Blocked by Zbynek Michalek.
2:01 of 2nd period - Icing by Justin Faulk.
2:02 of 2nd period - Jarret Stoll wins face-off versus Tuomo Ruutu in Kings zone.
2:02 of 2nd period - Jarret Stoll is hit by Brandon Prust.
2:28 of 2nd period - Jordan Leopold is hit by Joe Corvo and loses puck.
2:53 of 2nd period - Tobias Enstrom is hit by Jeff Petry and loses puck.
3:14 of 2nd period - Shot by Steven Stamkos.
3:14 of 2nd period - Goal by Steven Stamkos - Predators : 2 - Kings : 0.
3:15 of 2nd period - Jordan Nolan wins face-off versus Michal Handzus in neutral zone.
3:29 of 2nd period - Off-side.
3:30 of 2nd period - Nicklas Backstrom wins face-off versus Ryan Nugent-Hopkins in neutral zone.
3:43 of 2nd period - Shot by Patric Hornqvist.
3:43 of 2nd period - Deflect By Marian Gaborik.
3:43 of 2nd period - Stopped by Steve Mason without a rebound.
3:44 of 2nd period - Jarret Stoll wins face-off versus Brandon Prust in Kings zone.
4:08 of 2nd period - Icing by Roman Polak.
4:09 of 2nd period - Ryan Nugent-Hopkins wins face-off versus Tuomo Ruutu in Predators zone.
4:37 of 2nd period - Roman Polak is hit by Joe Corvo and loses puck.
4:50 of 2nd period - Shot by Ryan Nugent-Hopkins.
4:50 of 2nd period - Stopped by Pekka Rinne without a rebound.
4:51 of 2nd period - Mikhail Grabovski wins face-off versus Steven Stamkos in Predators zone.
5:49 of 2nd period - Icing by Max Pacioretty.
5:50 of 2nd period - Ryan Nugent-Hopkins wins face-off versus Steven Stamkos in Predators zone.
5:59 of 2nd period - Shot by Nail Yakupov.
5:59 of 2nd period - Shot Blocked by Jeff Petry.
6:01 of 2nd period - Shot by Robyn Regehr.
6:01 of 2nd period - Shot Misses the Net.
6:05 of 2nd period - Shot by Ryan Nugent-Hopkins.
6:05 of 2nd period - Shot Misses the Net.
6:15 of 2nd period - Shot by Nail Yakupov.
6:15 of 2nd period - Shot Misses the Net.
7:17 of 2nd period - Cody Franson is hit by Jarret Stoll and loses puck.
7:50 of 2nd period - Shot by T.J. Oshie.
7:50 of 2nd period - Shot Misses the Net.
7:52 of 2nd period - Shot by T.J. Oshie.
7:52 of 2nd period - Stopped by Steve Mason without a rebound.
7:53 of 2nd period - Michal Handzus wins face-off versus Tuomo Ruutu in Kings zone.
8:02 of 2nd period - Shot by Tuomo Ruutu.
8:02 of 2nd period - Shot Misses the Net.
8:19 of 2nd period - Shot by Tuomo Ruutu.
8:19 of 2nd period - Shot Misses the Net.
8:40 of 2nd period - Icing by Matt Hendricks.
8:41 of 2nd period - Michal Handzus wins face-off versus Nicklas Backstrom in Kings zone.
8:48 of 2nd period - Cody Franson is hit by Matt Hendricks and loses puck.
8:59 of 2nd period - Shot by Nicklas Backstrom.
8:59 of 2nd period - Stopped by Steve Mason with a rebound.
9:01 of 2nd period - Shot by Patric Hornqvist.
9:01 of 2nd period - Shot Misses the Net.
9:03 of 2nd period - Shot by Zbynek Michalek.
9:03 of 2nd period - Deflect By Marian Gaborik.
9:03 of 2nd period - Stopped by Steve Mason without a rebound.
9:04 of 2nd period - Ryan Nugent-Hopkins wins face-off versus Jordan Nolan in Kings zone.
9:24 of 2nd period - Shea Weber is hit by Joe Corvo and loses puck.
9:31 of 2nd period - Shot by Max Pacioretty.
9:31 of 2nd period - Stopped by Steve Mason without a rebound.
9:32 of 2nd period - Jarret Stoll wins face-off versus Tuomo Ruutu in Kings zone.
9:32 of 2nd period - Jarret Stoll is hit by Brandon Prust.
9:45 of 2nd period - Icing by Roman Polak.
9:46 of 2nd period - Tuomo Ruutu wins face-off versus Mikhail Grabovski in Predators zone.
9:58 of 2nd period - Off-side.
9:59 of 2nd period - Ryan Nugent-Hopkins wins face-off versus Nicklas Backstrom in neutral zone.
9:59 of 2nd period - Justin Faulk is hit by Nicklas Backstrom.
10:03 of 2nd period - Shot by Ryan Nugent-Hopkins.
10:03 of 2nd period - Deflect By Nail Yakupov.
10:03 of 2nd period - Stopped by Pekka Rinne without a rebound.
10:04 of 2nd period - Steven Stamkos wins face-off versus Ryan Nugent-Hopkins in Predators zone.
12:41 of 2nd period - Off-side.
12:42 of 2nd period - Michal Handzus wins face-off versus Jordan Nolan in neutral zone.
13:07 of 2nd period - Off-side.
13:08 of 2nd period - Nicklas Backstrom wins face-off versus Ryan Nugent-Hopkins in neutral zone.
13:48 of 2nd period - Icing by Shea Weber.
13:49 of 2nd period - Jarret Stoll wins face-off versus Nicklas Backstrom in Predators zone.
14:23 of 2nd period - Steven Stamkos is hit by Vyacheslav Voynov.
14:58 of 2nd period - Icing by Zbynek Michalek.
14:59 of 2nd period - Steven Stamkos wins face-off versus Ryan Nugent-Hopkins in Predators zone.
15:09 of 2nd period - Icing by Steven Stamkos.
15:10 of 2nd period - Steven Stamkos wins face-off versus Mikhail Grabovski in Predators zone.
15:10 of 2nd period - Steven Stamkos is hit by Dustin Penner.
15:26 of 2nd period - Shot by Shea Weber.
15:26 of 2nd period - Stopped by Steve Mason without a rebound.
15:27 of 2nd period - Nicklas Backstrom wins face-off versus Ryan Nugent-Hopkins in Kings zone.
15:32 of 2nd period - Shot by Patric Hornqvist.
15:32 of 2nd period - Shot Blocked by Jamie McBain.
15:48 of 2nd period - Shot by Mike Richards.
15:48 of 2nd period - Goal by Mike Richards - Predators : 2 - Kings : 1.
15:49 of 2nd period - Mikhail Grabovski wins face-off versus Tuomo Ruutu in neutral zone.
15:54 of 2nd period - Jordan Leopold is hit by Dustin Penner and loses puck.
16:10 of 2nd period - Icing by Roman Polak.
16:11 of 2nd period - T.J. Oshie wins face-off versus Mike Richards in Predators zone.
16:35 of 2nd period - Shot by Mike Richards.
16:35 of 2nd period - Shot Misses the Net.
16:49 of 2nd period - Shot by Nail Yakupov.
16:49 of 2nd period - Deflect By Ryan Nugent-Hopkins.
16:49 of 2nd period - Stopped by Pekka Rinne with a rebound.
16:51 of 2nd period - Shot by Robyn Regehr.
16:51 of 2nd period - Stopped by Pekka Rinne without a rebound.
16:52 of 2nd period - Steven Stamkos wins face-off versus Jarret Stoll in Predators zone.
17:51 of 2nd period - Michael Frolik is hit by Wayne Simmonds and loses puck.
18:28 of 2nd period - Shot by Marian Gaborik.
18:28 of 2nd period - Deflect By Patric Hornqvist.
18:28 of 2nd period - Goal by Patric Hornqvist - Predators : 3 - Kings : 1.
18:29 of 2nd period - Tuomo Ruutu wins face-off versus Ryan Nugent-Hopkins in neutral zone.
18:42 of 2nd period - Ryan Nugent-Hopkins is hit by Roman Polak and loses puck.
18:50 of 2nd period - Nail Yakupov is hit by Roman Polak and loses puck.
18:53 of 2nd period - Shot by Jamie McBain.
18:53 of 2nd period - Stopped by Pekka Rinne without a rebound.
18:54 of 2nd period - Jarret Stoll wins face-off versus Nicklas Backstrom in Predators zone.
18:57 of 2nd period - Shot by Joe Corvo.
18:57 of 2nd period - Stopped by Pekka Rinne without a rebound.
18:58 of 2nd period - Jarret Stoll wins face-off versus Nicklas Backstrom in Predators zone.
18:58 of 2nd period - Tobias Enstrom is hit by Cody Franson and loses puck.
19:05 of 2nd period - Shot by Ryan Smyth.
19:05 of 2nd period - Stopped by Pekka Rinne without a rebound.
19:06 of 2nd period - Steven Stamkos wins face-off versus Ryan Nugent-Hopkins in Predators zone.
19:06 of 2nd period - Steven Stamkos is hit by Mike Richards.
19:44 of 2nd period - Ryan Nugent-Hopkins is hit by Cody Franson and loses puck.
Goals for this period are 2 for Predators vs 1 for Kings.
Shots for this period are 8 for Predators vs 8 for Kings.

3rd period


0:01 of 3rd period - Ryan Nugent-Hopkins wins face-off versus Steven Stamkos in neutral zone.
0:15 of 3rd period - Icing by Jeff Petry.
0:16 of 3rd period - Jarret Stoll wins face-off versus Steven Stamkos in Predators zone.
0:21 of 3rd period - Shot by Daniel Alfredsson.
0:21 of 3rd period - Stopped by Pekka Rinne without a rebound.
0:22 of 3rd period - Marian Gaborik wins face-off versus Ryan Nugent-Hopkins in Predators zone.
0:22 of 3rd period - Marian Gaborik is hit by Nail Yakupov.
0:29 of 3rd period - Cody Franson is hit by Nail Yakupov and loses puck.
0:42 of 3rd period - Robyn Regehr is hit by Patric Hornqvist and loses puck.
0:58 of 3rd period - Patric Hornqvist is hit by Robyn Regehr and loses puck.
1:11 of 3rd period - Nicklas Backstrom is hit by Robyn Regehr and loses puck.
1:32 of 3rd period - Shot by Steven Stamkos.
1:32 of 3rd period - Shot Blocked by Robyn Regehr.
1:34 of 3rd period - Shot by Wayne Simmonds.
1:34 of 3rd period - Deflect By Steven Stamkos.
1:34 of 3rd period - Stopped by Steve Mason without a rebound.
1:35 of 3rd period - Jarret Stoll wins face-off versus Tuomo Ruutu in Kings zone.
1:40 of 3rd period - T.J. Oshie is hit by Daniel Alfredsson and loses puck.
2:28 of 3rd period - Shot by Steven Stamkos.
2:28 of 3rd period - Shot Misses the Net.
2:30 of 3rd period - Shot by Jeff Petry.
2:30 of 3rd period - Goal by Jeff Petry - Predators : 4 - Kings : 1.
2:31 of 3rd period - Michal Handzus wins face-off versus Steven Stamkos in neutral zone.
2:31 of 3rd period - Michal Handzus is hit by Wayne Simmonds.
3:19 of 3rd period - Icing by Tobias Enstrom.
3:20 of 3rd period - Nicklas Backstrom wins face-off versus Michal Handzus in Kings zone.
4:22 of 3rd period - Minor Penalty to Jordan Leopold for Tripping.
4:23 of 3rd period - Steven Stamkos wins face-off versus Mikhail Grabovski in Predators zone.
4:32 of 3rd period - Shot by Tobias Enstrom.
4:32 of 3rd period - Shot Misses the Net.
4:34 of 3rd period - Shot by Daniel Alfredsson.
4:34 of 3rd period - Shot Misses the Net.
4:36 of 3rd period - Shot by Jarret Stoll.
4:36 of 3rd period - Deflect By Guillaume Latendresse.
4:36 of 3rd period - Stopped by Pekka Rinne without a rebound.
4:37 of 3rd period - Steven Stamkos wins face-off versus Mikhail Grabovski in Predators zone.
4:50 of 3rd period - Shot by Vyacheslav Voynov.
4:50 of 3rd period - Stopped by Pekka Rinne without a rebound.
4:51 of 3rd period - Mikhail Grabovski wins face-off versus Steven Stamkos in Predators zone.
5:00 of 3rd period - Shot by Daniel Alfredsson.
5:00 of 3rd period - Deflect By Mikhail Grabovski.
5:00 of 3rd period - Shot Misses the Net.
5:02 of 3rd period - Shot by Tobias Enstrom.
5:02 of 3rd period - Shot Blocked by Roman Polak.
5:04 of 3rd period - Shot by Mikhail Grabovski.
5:04 of 3rd period - Stopped by Pekka Rinne without a rebound.
5:05 of 3rd period - Steven Stamkos wins face-off versus Mike Richards in Predators zone.
5:18 of 3rd period - Mike Richards is hit by Roman Polak and loses puck.
5:35 of 3rd period - Shot by Nail Yakupov.
5:35 of 3rd period - Deflect By Ryan Nugent-Hopkins.
5:35 of 3rd period - Stopped by Pekka Rinne without a rebound.
5:36 of 3rd period - Mikhail Grabovski wins face-off versus Tuomo Ruutu in Predators zone.
5:37 of 3rd period - Shot by Tobias Enstrom.
5:37 of 3rd period - Shot Misses the Net.
5:39 of 3rd period - Shot by Jarret Stoll.
5:39 of 3rd period - Deflect By Mikhail Grabovski.
5:39 of 3rd period - Stopped by Pekka Rinne without a rebound.
5:40 of 3rd period - Steven Stamkos wins face-off versus Mikhail Grabovski in Predators zone.
6:05 of 3rd period - Shot by Patric Hornqvist.
6:05 of 3rd period - Stopped by Steve Mason without a rebound.
6:06 of 3rd period - Steven Stamkos wins face-off versus Ryan Nugent-Hopkins in Kings zone.
6:24 of 3rd period - Mikhail Grabovski is hit by Shea Weber and loses puck.
6:45 of 3rd period - Shot by Marian Gaborik.
6:45 of 3rd period - Stopped by Steve Mason with a rebound.
7:23 of 3rd period - Shot by Vyacheslav Voynov.
7:23 of 3rd period - Stopped by Pekka Rinne with a rebound.
7:25 of 3rd period - Shot by Justin Faulk.
7:25 of 3rd period - Stopped by Pekka Rinne without a rebound.
7:26 of 3rd period - Steven Stamkos wins face-off versus Ryan Nugent-Hopkins in Predators zone.
8:06 of 3rd period - Shot by Ryan Nugent-Hopkins.
8:06 of 3rd period - Shot Misses the Net.
8:08 of 3rd period - Shot by Joe Corvo.
8:08 of 3rd period - Shot Blocked by Wayne Simmonds.
8:17 of 3rd period - Off-side.
8:18 of 3rd period - Tuomo Ruutu wins face-off versus Jarret Stoll in neutral zone.
8:22 of 3rd period - Minor Penalty to Jarret Stoll for Roughing.
8:23 of 3rd period - Mike Richards wins face-off versus Nicklas Backstrom in Kings zone.
9:22 of 3rd period - Minor Penalty to Steven Stamkos for Tripping.
9:23 of 3rd period - Tuomo Ruutu wins face-off versus Dustin Penner in Predators zone.
9:28 of 3rd period - Dustin Penner is hit by Tuomo Ruutu and loses puck.
9:37 of 3rd period - Shot by Justin Faulk.
9:37 of 3rd period - Shot Hit the Post.
9:39 of 3rd period - Shot by Robyn Regehr.
9:39 of 3rd period - Stopped by Pekka Rinne without a rebound.
9:40 of 3rd period - Dustin Penner wins face-off versus Nicklas Backstrom in Predators zone.
9:57 of 3rd period - Shot by Jeff Petry.
9:57 of 3rd period - Shot Blocked by Vyacheslav Voynov.
9:59 of 3rd period - Shot by Nicklas Backstrom.
9:59 of 3rd period - Deflect By Marian Gaborik.
9:59 of 3rd period - Shot Blocked by Vyacheslav Voynov.
10:01 of 3rd period - Shot by Shea Weber.
10:01 of 3rd period - Stopped by Steve Mason without a rebound.
10:02 of 3rd period - Mikhail Grabovski wins face-off versus Nicklas Backstrom in Kings zone.
10:09 of 3rd period - Shot by Marian Gaborik.
10:09 of 3rd period - Deflect By Nicklas Backstrom.
10:09 of 3rd period - Shot Misses the Net.
10:21 of 3rd period - Shot by Mikhail Grabovski.
10:21 of 3rd period - Stopped by Pekka Rinne without a rebound.
10:22 of 3rd period - Mike Richards wins face-off versus Tuomo Ruutu in Predators zone.
10:47 of 3rd period - Shot by Mike Richards.
10:47 of 3rd period - Shot Misses the Net.
10:49 of 3rd period - Shot by Ryan Nugent-Hopkins.
10:49 of 3rd period - Goal by Ryan Nugent-Hopkins - Predators : 4 - Kings : 2.
10:50 of 3rd period - Steven Stamkos wins face-off versus Michael Frolik in neutral zone.
11:04 of 3rd period - Shot by Tobias Enstrom.
11:04 of 3rd period - Shot Hit the Post.
11:39 of 3rd period - Icing by Tobias Enstrom.
11:40 of 3rd period - Patric Hornqvist wins face-off versus Mikhail Grabovski in Kings zone.
11:46 of 3rd period - Off-side.
11:47 of 3rd period - Nicklas Backstrom wins face-off versus Ryan Nugent-Hopkins in neutral zone.
11:51 of 3rd period - Marian Gaborik is hit by Mike Richards and loses puck.
12:00 of 3rd period - Shot by Nail Yakupov.
12:00 of 3rd period - Stopped by Pekka Rinne without a rebound.
12:01 of 3rd period - Jarret Stoll wins face-off versus Tuomo Ruutu in Predators zone.
12:18 of 3rd period - Shot by Daniel Alfredsson.
12:18 of 3rd period - Shot Misses the Net.
12:27 of 3rd period - Icing by Cody Franson.
12:28 of 3rd period - Ryan Nugent-Hopkins wins face-off versus Tuomo Ruutu in Predators zone.
13:08 of 3rd period - Icing by Zbynek Michalek.
13:09 of 3rd period - Jarret Stoll wins face-off versus Tuomo Ruutu in Predators zone.
13:52 of 3rd period - Off-side.
13:53 of 3rd period - Michal Handzus wins face-off versus Nicklas Backstrom in neutral zone.
13:59 of 3rd period - Icing by Roman Polak.
14:00 of 3rd period - Ryan Nugent-Hopkins wins face-off versus Nicklas Backstrom in Predators zone.
14:07 of 3rd period - Shot by Ryan Nugent-Hopkins.
14:07 of 3rd period - Shot Misses the Net.
14:27 of 3rd period - Icing by Mike Richards.
14:28 of 3rd period - Ryan Nugent-Hopkins wins face-off versus Steven Stamkos in Kings zone.
14:36 of 3rd period - Minor Penalty to Nail Yakupov for Tripping.
14:37 of 3rd period - Nicklas Backstrom wins face-off versus Mike Richards in Kings zone.
14:44 of 3rd period - Shot by Jeff Petry.
14:44 of 3rd period - Shot Blocked by Justin Faulk.
14:46 of 3rd period - Shot by Brandon Prust.
14:46 of 3rd period - Stopped by Steve Mason with a rebound.
14:48 of 3rd period - Shot by Brandon Prust.
14:48 of 3rd period - Stopped by Steve Mason without a rebound.
14:49 of 3rd period - Mike Richards wins face-off versus Steven Stamkos in Kings zone.
15:03 of 3rd period - Icing by Jeff Petry.
15:04 of 3rd period - Steven Stamkos wins face-off versus Mike Richards in Predators zone.
15:28 of 3rd period - Shot by Marian Gaborik.
15:28 of 3rd period - Stopped by Steve Mason without a rebound.
15:29 of 3rd period - Jarret Stoll wins face-off versus Nicklas Backstrom in Kings zone.
15:48 of 3rd period - Shot by Patric Hornqvist.
15:48 of 3rd period - Stopped by Steve Mason without a rebound.
15:49 of 3rd period - Jarret Stoll wins face-off versus Steven Stamkos in Kings zone.
15:49 of 3rd period - Jarret Stoll is hit by Tuomo Ruutu.
16:01 of 3rd period - Shot by Shea Weber.
16:01 of 3rd period - Shot Misses the Net.
16:13 of 3rd period - Shot by Steven Stamkos.
16:13 of 3rd period - Shot Blocked by Justin Faulk.
16:21 of 3rd period - Shot by Marian Gaborik.
16:21 of 3rd period - Goal by Marian Gaborik - Predators : 5 - Kings : 2.
16:22 of 3rd period - Jordan Nolan wins face-off versus Jarret Stoll in neutral zone.
17:01 of 3rd period - Shot by Daniel Alfredsson.
17:01 of 3rd period - Stopped by Pekka Rinne without a rebound.
17:02 of 3rd period - Michal Handzus wins face-off versus Nicklas Backstrom in Predators zone.
17:12 of 3rd period - Patric Hornqvist is hit by Justin Faulk and loses puck.
17:21 of 3rd period - Shot by Nicklas Backstrom.
17:21 of 3rd period - Stopped by Steve Mason with a rebound.
17:23 of 3rd period - Shot by Nicklas Backstrom.
17:23 of 3rd period - Shot Misses the Net.
17:27 of 3rd period - Shot by Nicklas Backstrom.
17:27 of 3rd period - Shot Blocked by Vyacheslav Voynov.
17:29 of 3rd period - Shot by Jeff Petry.
17:29 of 3rd period - Stopped by Steve Mason without a rebound.
17:30 of 3rd period - Ryan Nugent-Hopkins wins face-off versus Tuomo Ruutu in Kings zone.
18:46 of 3rd period - Minor Penalty to Jeff Petry for Interference.
18:47 of 3rd period - Steven Stamkos wins face-off versus Mikhail Grabovski in Predators zone.
18:59 of 3rd period - Shot by Jarret Stoll.
18:59 of 3rd period - Stopped by Pekka Rinne without a rebound.
19:00 of 3rd period - Steven Stamkos wins face-off versus Ryan Nugent-Hopkins in Predators zone.
19:00 of 3rd period - Steven Stamkos is hit by Jarret Stoll.
Goals for this period are 2 for Predators vs 1 for Kings.
Shots for this period are 12 for Predators vs 14 for Kings.


Output by the SimonT Hockey Simulator (STHS) for Stephane Roy -- Original Page W3C XHTML 1.0 Valid
Hockey Simulator - Hockey Simulation - Hockey Manager